 Dungeon Crawl Stone Soup version 0.22-a0-799-g88f5e90 (webtiles) character file.

335 Kuinu the Firebug (level 6, -6/45 HPs)
             Began as a Draconian Fire Elementalist on July 21, 2018.
             Killed from afar by Blork the orc (9 damage)
             ... with a puff of flame
             ... on level 5 of the Dungeon.
             The game lasted 00:14:58 (6927 turns).

Kuinu the Firebug (Draconian Fire Elementalist)     Turns: 6927, Time: 00:14:59

Health: -6/45      AC:  6    Str: 10    XL:     6   Next: 28%
Magic:  5/11       EV: 13    Int: 17    God:
Gold:   192        SH:  0    Dex: 12    Spells: 1/12 levels left

rFire    . . .     SeeInvis .   m - +0 mace (drain)
rCold    . . .     Gourm    .   (no shield)
rNeg     . . .     Faith    .   (armour unavailable)
rPois    .         Spirit   .   (helmet restricted)
rElec    .         Reflect  .   (no cloak)
rCorr    .         Harm     .   (no gloves)
MR       .....                  (no boots)
Stlth    ++........             (no amulet)
HPRegen  0.15/turn              (no ring)
MPRegen  0.12/turn              (no ring)

@: very slightly contaminated
A: unfitting armour, cold-blooded, AC +6
a: no special abilities


You were on level 5 of the Dungeon.
You were not hungry.

You visited 1 branch of the dungeon, and saw 5 of its levels.

You collected 192 gold pieces.

Inventory:

Hand Weapons
 g - a +0 dagger
 m - a +0 mace of draining (weapon)
Scrolls
 c - 3 scrolls of teleportation {unknown}
 d - a scroll of random uselessness {unknown}
 e - 3 scrolls of identify {unknown}
 h - 2 scrolls of remove curse {unknown}
 j - a scroll of amnesia {unknown}
 l - a scroll of blinking {unknown}
 o - a scroll of noise {unknown}
Potions
 a - 2 potions of mutation {unknown}
 f - 2 potions of might {unknown}
 i - a potion of curing {unknown}
 k - a potion of ambrosia {unknown}
 n - a potion of flight {unknown}
Comestibles
 b - 2 rations


   Skills:
 + Level 2.9 Dodging
 + Level 2.7 Stealth
 * Level 3.7 Spellcasting
 + Level 2.4 Conjurations
 * Level 4.4 Fire Magic


You had one spell level left.
You knew the following spells:

 Your Spells              Type           Power        Failure   Level  Hunger
a - Flame Tongue          Conj/Fire      ##...        4%          1    None
b - Throw Flame           Conj/Fire      ##....       6%          2    ##.....
c - Conjure Flame         Conj/Fire      ##......     12%         3    ###....
d - Fireball              Conj/Fire      ##........   73%         5    ######.

Your spell library contained the following spells:

 Spells                   Type           Power        Failure   Level  Hunger
 Sticky Flame             Conj/Fire      ##......     36%         4    ####...
 Inner Flame              Hex/Fire       ##......     21%         3    ###....


Dungeon Overview and Level Annotations

Branches:
Dungeon (5/15)
 Temple: D:4-7

Altars:
Fedhas
Makhleb
Nemelex Xobeh
The Shining One

Annotations:
D:3 Terence
D:5 Blork the orc


Innate Abilities, Weirdness & Mutations

Your plain brown scales are hard. (AC +6)
You cannot fit into any form of body armour.
You are cold-blooded and may be slowed by cold attacks.


Message History

A magic dart appears from out of thin air!
The magic dart hits you!
Items here: ) ? [ † a dagger; a leather armour; a scroll labeled USUIME IW BATZ; an orc corpse You butcher the orc corpse.
Something hits you.
Items here: % ) ? [ ÷ a dagger; a leather armour; a scroll labeled USUIME IW BATZ; 2 chunks of flesh an orc skeleton There isn't anything to butcher here.
You completely miss something. Something hits you.
You barely miss something. Something hits you! Something hits you!
* * * LOW HITPOINT WARNING * * *
You hear some strange, mumbled words.
A magic dart appears from out of thin air!
The magic dart hits you!
* * * LOW HITPOINT WARNING * * *
A puff of flame appears from out of thin air!
The puff of flame hits you!
You die...

#.###.# #......# #.#
#.# ####....#
#.###.####......##
#.....##.........#
#.######.#......######
#.######.#............
#...............######
########.#####..#
#@#####..# #....{...#
#######.## ###
#####.####..
#....)...#.#
#.###.##.#.#
#...##.#.#####
...............
#.#....#.#.#####


There were no monsters in sight!

Vanquished Creatures
  A bullfrog (D:2)
  A scorpion (D:5)
  A hound (D:4)
  A bullfrog skeleton (D:4)
  7 adders
  A shadow imp (D:5)
  An ooze (D:3)
  An adder skeleton (D:4)
  2 worms (D:3)
  2 dart slugs (D:1)
  A leopard gecko (D:3)
  4 orcs
  7 bats
  7 giant cockroaches
  9 goblins
  4 hobgoblins
  3 jackals (D:1)
  6 kobolds
  A quokka (D:2)
  4 frilled lizards
  A jackal skeleton (D:5)
  4 rats
69 creatures vanquished.

Notes
Turn   | Place    | Note
-------+----------+-------------------------------------------
     0 | D:1      | Kuinu the Draconian Fire Elementalist began the quest for the Orb.
     0 | D:1      | Reached XP level 1. HP: 14/14 MP: 3/3
   224 | D:1      | Reached XP level 2. HP: 7/20 MP: 0/5
   228 | D:1      | Learned a level 2 spell: Throw Flame
  1282 | D:1      | Reached XP level 3. HP: 22/26 MP: 0/6
  2458 | D:2      | Noticed a bullfrog
  2471 | D:2      | Learned a level 3 spell: Conjure Flame
  2477 | D:2      | Killed a bullfrog
  2477 | D:2      | Reached XP level 4. HP: 33/33 MP: 3/8
  2766 | D:2      | Found a burning altar of Makhleb.
  3074 | D:2      | Reached XP level 5. HP: 38/38 MP: 4/9
  3149 | D:2      | Found a glowing golden altar of the Shining One.
  3899 | D:3      | Found a blossoming altar of Fedhas.
  4247 | D:3      | Reached skill level 4 in Fire Magic
  4851 | D:3      | Found a sparkling altar of Nemelex Xobeh.
  4976 | D:3      | Noticed Terence
  5832 | D:4      | Reached XP level 6. HP: 3/45 MP: 2/11
  6488 | D:4      | Learned a level 5 spell: Fireball
  6522 | D:5      | Entered Level 5 of the Dungeon
  6898 | D:5      | Noticed Blork the orc
  6927 | D:5      | Killed from afar by Blork the orc

Vault maps used:
D:1:      minmay_arrival_radiant_lines
D:2:      lightli_temple_of_fire, lemuel_round_altar, first_ration
D:3:      lemuel_round_altar, nemelex_diamond_rough_becter, uniq_terence
D:4:      glass_columns_b
D:5:      xom_redecorated, overflow_temple_1_default, serial_shops,
          kennysheep_mini_moat, uniq_blork_the_orc

Skill      XL: |  1  2  3  4  5 |
---------------+----------------+-----
Dodging        | 2 |  2.9
Stealth        | 2 |  2.7
Spellcasting   | 3 |  3.7
Conjurations   | 2 |  2.4
Fire Magic     | 4 |  4.4

Action                   |  1- 3 |  4- 6 || total
-------------------------+-------+-------++-------
Melee: Unarmed           |    25 |       ||    25
       Tailslap          |     2 |     1 ||     3
       Dagger            |    16 |       ||    16
       Mace              |       |    12 ||    12
 Cast: Flame Tongue      |    39 |    55 ||    94
       Throw Flame       |    17 |    33 ||    50
       Conjure Flame     |     1 |     3 ||     4
  Eat: Chunk             |     6 |     6 ||    12
       Ration            |       |     3 ||     3
Armor: Skin              |    14 |     9 ||    23
Dodge: Dodged            |    39 |    18 ||    57

Table legend:
 A = Spawn XP
 B = Non-spawn XP
 C = Spawn XP percentage of total XP
 D = Spawn monster count
 E = Non-spawn monster count
 F = Spawn count percentage of total count
 G = Total turns spent on level
                    A         B        C        D         E        F      G
               +---------+---------+-------+---------+---------+-------+---------
         Total |       0 |     479 |   0.0 |       0 |      69 |   0.0 |  6927
               +---------+---------+-------+---------+---------+-------+---------
           D:1 |       0 |      49 |   0.0 |       0 |      25 |   0.0 |  1612
           D:2 |       0 |     163 |   0.0 |       0 |      15 |   0.0 |  2045
           D:3 |       0 |      71 |   0.0 |       0 |      18 |   0.0 |  1652
           D:4 |       0 |     108 |   0.0 |       0 |       7 |   0.0 |  1213
           D:5 |       0 |      88 |   0.0 |       0 |       4 |   0.0 |   405
               +---------+---------+-------+---------+---------+-------+---------
